 Dungeon Crawl Stone Soup version 0.30.0 (webtiles) character file.

Game seed: 17342726887946441872

1266 Byczy the Cudgeller (level 8, -1/48 HPs)
             Began as a Gargoyle Fighter on May 6, 2023.
             Was a Believer of Okawaru.
             Slain by a wight
             ... wielding a +2 spear of freezing
              (5 damage)
             ... on level 6 of the Dungeon.
             The game lasted 00:36:51 (4820 turns).

Byczy the Cudgeller (Gargoyle Fighter)              Turns: 4820, Time: 00:36:52

Health: -1/48      AC: 15    Str: 23    XL:     8   Next: 52%
Magic:  8/8        EV: 12    Int: 13    God:    Okawaru [**....]
Gold:   213        SH:  5    Dex: 15    Spells: 7/7 levels left

rFire   . . .        i - +2 whip (freeze)
rCold   . . .        c - +0 buckler
rNeg    + . .        C - +5 toga "Victory" {*Victory Int+5 Slay+5 Clar}
rPois   ∞            r - +0 helmet
rElec   +            m - +0 cloak
rCorr   .            (no gloves)
SInv    .            (no boots)
Will    +....        o - amulet of the acrobat
Stlth   ++           w - ring of willpower
HPRegen 0.28/turn    M - +6 ring of dexterity
MPRegen 0.11/turn

%: acrobat, clarity
@: no status effects
A: sickness immunity, AC +5, negative energy resistance 1, electricity
resistance, torment resistance 1, petrification resistance
a: Renounce Religion, Heroism


You were on level 6 of the Dungeon.
You worshipped Okawaru.
Okawaru was pleased with you.
You visited 1 branch of the dungeon, and saw 6 of its levels.

You collected 213 gold pieces.

Inventory:

Hand Weapons
 a - a +0 war axe
 i - a +2 whip of freezing (weapon)
 y - a +0 hand axe
 N - a +4 trident
 O - a +4 hand axe
Missiles
 k - 11 boomerangs (quivered)
 n - 7 poisoned darts
Armour
 b - a +0 scale mail
 c - a +0 buckler (worn)
 f - a +0 ring mail
 m - a +0 cloak (worn)
 r - a +0 helmet (worn)
 t - a +0 buckler
 z - a +0 chain mail
 C - the +5 toga "Victory" (worn) {*Victory Int+5 Slay+5 Clar}
   (You took it off a kobold on level 3 of the Dungeon)

   *Victory:  When the wearer kills a threatening monster, it has a chance to
   gain +1 AC, +1 Slay, and +1 Int, capping at +7.
   When the wearer uses a scroll or a potion with a hostile monster in sight,
   its bonuses reset to +0.
   Unequipping it also resets its bonuses to +0.
   Int:       It affects your intelligence (+5).
   Slay:      It affects your accuracy & damage with ranged weapons and melee
   (+5).
   Clar:      It protects you from confusion, rage, mesmerisation and fear.
 D - the +2 scale mail of Verghaut {Rampage rC+++ Dex-5 Stlth+}
   (You found it on level 4 of the Dungeon)

   Dex:       It affects your dexterity (-5).
   rC:        It renders you almost immune to cold.
   Rampage:   It bestows one free step when moving towards enemies.
   Stlth:     It makes you more stealthy.
 H - a +0 cloak
 K - the +1 pair of gloves of Etyschye {rN++ Int+3 Dex-4}
   (You found it on level 5 of the Dungeon)

   Int:       It affects your intelligence (+3).
   Dex:       It affects your dexterity (-4).
   rN:        It greatly protects you from negative energy.
 L - +1 ice dragon scales
Jewellery
 o - an amulet of the acrobat (around neck)
 w - a ring of willpower (left hand)
 J - a ring of poison resistance
 M - a +6 ring of dexterity (right hand)
Scrolls
 e - 2 scrolls of teleportation {unknown}
 g - a scroll of vulnerability {unknown}
 j - a scroll of acquirement {unknown}
 l - 3 scrolls of enchant armour {unknown}
 q - 5 scrolls of identify
 s - 2 scrolls of poison {unknown}
 x - a scroll of fog {unknown}
 B - a scroll of fear {unknown}
 G - a scroll of enchant weapon {unknown}
Potions
 d - a potion of might
 h - a potion of haste {unknown}
 p - 2 potions of curing
 u - a potion of ambrosia {unknown}
 v - a potion of mutation {unknown}
 A - a potion of heal wounds {unknown}
 E - a potion of berserk rage {unknown}
 F - a potion of brilliance {unknown}
 I - a potion of magic {unknown}


   Skills:
 + Level 4.6 Fighting
 + Level 2.4(4.4) Axes
 + Level 6.2(6.5) Maces & Flails
 + Level 1.7 Throwing
 + Level 5.2 Armour
 + Level 2.8 Dodging
 + Level 1.5 Stealth
 + Level 4.7 Shields


You had 7 spell levels left.
You didn't know any spells.
Your spell library contained the following spells:

 Spells                   Type           Power      Damage    Failure   Level
 Lesser Beckoning         Tloc           0%         N/A       50%         2
 Gell's Gravitas          Tloc           0%         N/A       73%         3
 Ignite Poison            Fire/Tmut/Pois 0%         N/A       73%         3
 Teleport Other           Tloc           0%         N/A       73%         3
 Freezing Cloud           Conj/Ice/Air   0%         6-21      100%        5
 Cigotuvi's Dreadful Rot  Necr/Pois/Air  Unusable   N/A       N/A         2

Dungeon Overview and Level Annotations

Branches:
Dungeon (6/15)             Temple (0/1) D:6

Altars:
Nemelex Xobeh
Okawaru
Xom
Zin

Annotations:
D:3 2 runed translucent doors, konerai's ghost, amateur DrFE
D:6 Sigmund


Innate Abilities, Weirdness & Mutations

You are immune to sickness and miasma.
Your stone body is resilient. (AC +5)
You are immune to poison.
You resist negative energy. (rN+)
You are resistant to electric shocks. (rElec)
You are resistant to unholy torment.
You are immune to petrification.


Message History

The wight misses you.
You barely miss the wight.
The wight is severely damaged.
The wight closely misses you.
You hit the wight.
You destroy the wight!
Okawaru accepts your kill.
You whack the ogre! You freeze the ogre.
The ogre is moderately wounded.
The ogre closely misses you.
You whack the ogre! You freeze the ogre.
The ogre is almost dead.
The wight hits you from afar with a +2 spear of freezing.
The wight freezes you.
You whack the ogre! You freeze the ogre.
The +5 toga "Victory" glows.
You kill the ogre!
Okawaru accepts your kill.
The wight hits you from afar with a +2 spear of freezing!
* * * LOW HITPOINT WARNING * * *
The wight freezes you.
* * * LOW HITPOINT WARNING * * *
The wight misses you.
Items here: )) [[.
You hit the wight but do no damage. Something barely misses you.
The wight barely misses you.
You hit the wight.
The wight is lightly damaged.
You block the wight's attack.
You barely miss the wight.
The wight is lightly damaged.
Something hits you!
* * * LOW HITPOINT WARNING * * *
You whack the wight!
The wight is severely damaged.
The wight barely misses you. The wight completely misses you.
There is a stone staircase leading up here.
The wight hits you from afar with a +2 spear of freezing.
You die...

#### #....####...z....#...
....###......##.##.#.#...#.
####.....<....##....#.#.>.#.
#.............#...#.........
#.........O..{....#....#.#.#
#......O##..........##.#.#.#
#.......#####....#..........
#.......#####....#.#.#.##.#.
#.......[z.@#......#.#....#.
#.......#####..............
#####...# #.........###..
##### ..........# .
#####+##.###


You could see a wight.

Vanquished Creatures
  3 ogres
  A centaur (D:5)
  A scorpion (D:5)
  4 wights (D:6)
  A killer bee (D:5)
  2 howler monkeys (D:5)
  4 hounds
  An orc priest (D:6)
  Terence (D:3)
  4 orc wizards
  Natasha (twice) (D:3)
  The ghost of Rrauwl the Sneak, a weakling DEDe (D:5)
  6 adders
  A gnoll (D:1)
  4 white imps
  An ufetubus (D:5)
  2 worms (D:2)
  2 dart slugs
  9 orcs
  8 endoplasms
  2 giant cockroaches
  3 goblins
  3 hobgoblins
  12 jackals
  4 quokkas
  7 ball pythons
  3 bats
  A frilled lizard (D:1)
  8 kobolds
  4 rats
105 creatures vanquished.

Vanquished Creatures (others)
  A black bear (D:4)
  An orc (D:4)
  A hobgoblin (D:4)
3 creatures vanquished.

Grand Total: 108 creatures vanquished

Notes
Turn   | Place    | Note
-------+----------+-------------------------------------------
     0 | D:1      | Byczy the Gargoyle Fighter began the quest for the Orb.
     0 | D:1      | Reached XP level 1. HP: 14/14 MP: 1/1
   119 | D:1      | Reached XP level 2. HP: 18/19 MP: 2/2
   268 | D:1      | Reached XP level 3. HP: 20/23 MP: 3/3
  1224 | D:2      | Reached skill level 1 in Maces & Flails
  1224 | D:2      | Reached XP level 4. HP: 29/29 MP: 4/4
  1998 | D:3      | Found a large runed translucent door.
  1998 | D:3      | Found a large runed translucent door.
  2000 | D:3      | Noticed konerai's ghost (amateur DrFE)
  2115 | D:3      | Noticed Terence
  2127 | D:3      | Killed Terence
  2159 | D:3      | Noticed Natasha
  2200 | D:3      | Killed Natasha
  2201 | D:3      | Reached skill level 2 in Maces & Flails
  2201 | D:3      | Reached XP level 5. HP: 13/33 MP: 5/5
  2312 | D:3      | Found a glowing silver altar of Zin.
  2312 | D:3      | Found an iron altar of Okawaru.
  2345 | D:3      | Became a worshipper of Warmaster Okawaru
  2651 | D:3      | Noticed Natasha
  2662 | D:3      | Killed Natasha
  2900 | D:4      | Reached skill level 3 in Maces & Flails
  2901 | D:4      | Found a sparkling altar of Nemelex Xobeh.
  2969 | D:4      | Reached XP level 6. HP: 38/38 MP: 6/6
  3002 | D:4      | Found a shimmering altar of Xom.
  3003 | D:4      | Noticed a black bear
  3017 | D:4      | Killed a black bear
  3018 | D:4      | Reached skill level 5 in Armour
  3123 | D:4      | Identified the +2 scale mail of Verghaut {Rampage rC+++
                  | Dex-5 Stlth+}
  3707 | D:4      | Reached skill level 4 in Maces & Flails
  3743 | D:5      | Entered Level 5 of the Dungeon
  3807 | D:5      | Reached * piety under Okawaru
  3808 | D:5      | Reached skill level 1 in Dodging
  3808 | D:5      | Reached XP level 7. HP: 26/42 MP: 7/7
  3827 | D:5      | Found a runed translucent door.
  3829 | D:5      | Noticed Rrauwl's ghost (weakling DEDe)
  4304 | D:5      | Reached skill level 5 in Maces & Flails
  4307 | D:5      | Reached skill level 1 in Throwing
  4309 | D:5      | Identified the +1 pair of gloves of Etyschye {rN++ Int+3
                  | Dex-4}
  4411 | D:5      | Reached skill level 1 in Stealth
  4550 | D:5      | Reached XP level 8. HP: 38/48 MP: 8/8
  4557 | D:5      | Killed Rrauwl's ghost
  4700 | D:6      | Found a staircase to the Ecumenical Temple.
  4738 | D:6      | Reached ** piety under Okawaru
  4778 | D:6      | Reached skill level 6 in Maces & Flails
  4778 | D:6      | Noticed Sigmund
  4820 | D:6      | Slain by a wight

Illustrated notes

Levels and vault maps discovered:
D:1:      nagdon_arrival_zigzag_paths, layout_loops_ring,
          kennysheep_another_room, minmay_misc_feat_hallway
D:2:      layout_basic
D:3:      layout_loops_corners, nicolae_overflow_two_pavilions,
          ebering_ghost_disaster_area, uniq_natasha, uniq_terence
D:4:      layout_basic, nemelex_dance_club_becter, xom_confusion_cloud
D:5:      layout_gridville, ebering_ghost_inner_flame
D:6:      layout_basic, minmay_temple_entry_ruins, nicolae_ossuary_entry_giza,
          uniq_sigmund, uniq_edmund

Skill      XL: |  1  2  3  4  5  6  7  8 |
---------------+-------------------------+-----
Axes           | 2 |  2.4
Armour         | 4 5 |  5.2
Maces & Flails | 1 2 3 4 5 6 |  6.2
Dodging        | 1 2 |  2.8
Shields        | 4 |  4.7
Fighting       | 4 |  4.6
Throwing       | 1 |  1.7
Stealth        | 1 |  1.5

Action                     |  1- 3 |  4- 6 |  7- 9 || total
---------------------------+-------+-------+-------++-------
  Melee: War axe           |    50 |       |       ||    50
         Whip              |    59 |   134 |   119 ||   312
  Throw: Boomerang         |       |     7 |    13 ||    20
    Use: Scroll            |       |     1 |       ||     1
 Armour: Scale mail        |    45 |    21 |       ||    66
         Robe              |       |    29 |    35 ||    64
  Dodge: Dodged            |    82 |    66 |    66 ||   214
  Block: Buckler           |    19 |    17 |    23 ||    59
